 Dungeon Crawl Stone Soup version 0.28-a0-563-gf77a47075d (webtiles) character file.

Game seed: 8620120878750048975

95 timneilson the Conjurer (level 4, -4/37 HPs)
             Began as a Deep Elf Conjurer on Oct 1, 2021.
             Slain by Terence (19 damage)
             ... on level 3 of the Dungeon.
             The game lasted 00:06:38 (2759 turns).

timneilson the Conjurer (Deep Elf Conjurer)         Turns: 2759, Time: 00:06:39

Health: -4/37      AC: 22    Str:  4    XL:     4   Next: 40%
Magic:  4/12       EV:  2    Int: 24    God:
Gold:   102        SH:  0    Dex: 13    Spells: 8/11 levels left

rFire   . . .      SeeInvis .   b - +1 short sword (speed)
rCold   . . .      Faith    .   (no shield)
rNeg    + + +      Spirit   .   (armour currently unavailable)
rPois   +          Reflect  .   (helmet currently unavailable)
rElec   .          Harm     .   (cloak currently unavailable)
rCorr   .          Rampage  .   (gloves currently unavailable)
Will    +....      NoTele   +   (boots currently unavailable)
Stlth   ++........              (no amulet)
HPRegen 0.12/turn               g - ring of willpower
MPRegen 0.13/turn               l - ring of wizardry

@: tree-form
A: stationary, stasis, torment immunity, boosted hp
a: no special abilities


You were on level 3 of the Dungeon.
You were a tree.
You visited 1 branch of the dungeon, and saw 3 of its levels.

You collected 102 gold pieces.

Inventory:

Hand Weapons
 b - a +1 short sword of speed (weapon)
Armour
 a - a +0 robe (melded)
 f - a +0 pair of gloves (melded)
 j - a +0 pair of boots (melded)
 k - a +0 helmet (melded)
Jewellery
 g - a ring of willpower (left branch)
 l - a ring of wizardry (right branch)
Scrolls
 c - a scroll of blinking
 n - a scroll of vulnerability {unknown}
Potions
 d - a potion of curing
 e - a potion of might
 h - a potion of heal wounds {unknown}
 i - a potion of haste {unknown}
 m - a potion of flight {unknown}


   Skills:
 + Level 1.0 Fighting
 + Level 0.1 Armour
 + Level 3.0 Dodging
 + Level 2.9 Stealth
 * Level 4.3 Spellcasting
 * Level 5.1 Conjurations


You had 8 spell levels left.
You knew the following spells:

 Your Spells              Type           Power      Damage    Failure   Level
a - Magic Dart            Conj           100%       1d8       1%          1
b - Searing Ray           Conj           58%        2d6       1%          2

Your spell library contained the following spells:

 Spells                   Type           Power      Damage    Failure   Level
 Dazzling Flash           Conj/Hex       34%        N/A       4%          3
 Fulminant Prism          Conj/Hex       8%         3d7       13%         4
 Iskenderun's Mystic Bla  Conj/Tloc      17%        2d5       13%         4


Dungeon Overview and Level Annotations

Branches:
Dungeon (3/15)

Altars:
Nemelex Xobeh
Wu Jian
Zin

Annotations:
D:3 Terence


Message History

You now have 102 gold pieces (gained 8).
n - a scroll labelled VUTOGEIROFY Terence the Incautious comes into view.
He is wielding a +2 hand axe of electrocution, wearing a +3 chain mail of fire resistance and carrying a wand of polymorph (7).
Terence shouts!
Terence moves out of view.
Casting: Magic Dart (safe; 1% risk of failure)
Confirm with . or Enter, or press ? or * to list all spells.
Aiming: Searing Ray (safe; 1% risk of failure)
Press: ? - help, Shift-Dir - straight line, f - Terence
Aim: Terence, wielding a +2 hand axe of electrocution, wearing a +3 chain mail of fire resistance and carrying a wand of polymorph (7) (85% to hit)
The searing ray hits Terence but does no damage. (Press . to maintain the ray.)
The searing ray hits Terence but does no damage.
A kobold comes into view. It is wielding a +0 short sword.
Terence zaps a wand.
You turn into a tree.
Your +0 helmet melds into your body.
Your +0 pair of gloves melds into your body.
Your +0 pair of boots melds into your body.
Your +0 robe melds into your body.
Your roots penetrate the ground.
The searing ray hits Terence!
Terence is moderately wounded.
Terence hits you with a +2 hand axe of electrocution.
The searing ray hits Terence but does no damage.
Terence is moderately wounded.
You finish channelling your searing ray.
Terence hits you but does no damage.
Casting: Searing Ray (safe; 1% risk of failure)
Confirm with . or Enter, or press ? or * to list all spells.
Aiming: Searing Ray (safe; 1% risk of failure)
Press: ? - help, Shift-Dir - straight line, f/p - Terence
Aim: Terence, wielding a +2 hand axe of electrocution, wearing a +3 chain mail of fire resistance and carrying a wand of polymorph (6) (moderately wounded, 85% to hit)
The searing ray hits Terence.
Terence is severely wounded. (Press . to maintain the ray.)
The kobold shouts!
Terence hits you but does no damage.
You are electrocuted!
The searing ray hits Terence.
Terence is severely wounded.
Terence hits you but does no damage.
You are electrocuted!!
Ouch! That really hurt!
You die...

...........+
...#...........#
...#............
...#...........#
.K.#...........# ##..
.....(.....# #..
............ #@#
######<...... #♣#
#.......#....
#####.####.#####.#.###
#..............#.#.# .
##.##......###.#.#.#..
# ######## #.#.##.
#.#.## ..#.. #####


You could see Terence and a kobold.

Vanquished Creatures
  An adder (D:2)
  2 worms (D:2)
  3 dart slugs
  An orc (D:3)
  9 endoplasms
  5 giant cockroaches
  7 hobgoblins
  3 jackals (D:1)
  4 quokkas
  8 ball pythons
  5 bats (D:1)
  3 frilled lizards
  7 goblins
  4 kobolds
  3 rats
65 creatures vanquished.

Notes
Turn   | Place    | Note
-------+----------+-------------------------------------------
     0 | D:1      | timneilson the Deep Elf Conjurer began the quest for the
                  | Orb.
     0 | D:1      | Reached XP level 1. HP: 10/10 MP: 6/6
   242 | D:1      | Reached XP level 2. HP: 15/15 MP: 5/8
   249 | D:1      | Learned a level 2 spell: Searing Ray
   639 | D:1      | Reached XP level 3. HP: 20/20 MP: 8/10
   922 | D:1      | Found a faded altar of an unknown god.
  1610 | D:2      | Reached skill level 5 in Conjurations
  1851 | D:2      | Reached XP level 4. HP: 24/24 MP: 6/12
  2480 | D:3      | Reached skill level 1 in Fighting
  2598 | D:3      | Found an ornate altar of the Wu Jian Council.
  2600 | D:3      | Found a sparkling altar of Nemelex Xobeh.
  2603 | D:3      | Found a glowing silver altar of Zin.
  2752 | D:3      | Noticed Terence
  2759 | D:3      | Slain by Terence

Illustrated notes

Levels and vault maps discovered:
D:1:      scummos_arrival_simple_crosswalls, layout_loops_corners,
          shapermc_ecumenical_altar_ellora, minmay_pentomino_q4
D:2:      layout_loops_cross
D:3:      layout_basic, grunt_temple_overflow_diamond, uniq_robin, uniq_terence

Skill      XL: |  1  2  3  4 |
---------------+-------------+-----
Spellcasting   | 4 |  4.3
Conjurations   | 5 |  5.1
Dodging        | 3 |  3.0
Fighting       | 1 |  1.0
Armour         | |  0.1
Stealth        | |  2.9

Action                   |  1- 3 |  4- 6 || total
-------------------------+-------+-------++-------
Melee: Short sword       |     7 |       ||     7
 Cast: Magic Dart        |    83 |    38 ||   121
       Searing Ray       |     1 |     2 ||     3
  Use: Scroll            |     3 |     2 ||     5
Armor: Robe              |     1 |     1 ||     2
       Skin              |       |     3 ||     3
Dodge: Dodged            |    10 |     1 ||    11

Table legend: (Time is in decaauts)
 A = Elapsed time spent in this place.
 B = Non-inter-level travel time spent in this place.
 C = Inter-level travel time spent in this place.
 D = Time resting spent in this place.
 E = Time spent auto-exploring this place.
 F = Levels seen in this place.
 G = Mean time per level.
                   A        B        C        D        E       F      G
               +--------+--------+--------+--------+--------+-----+--------+
         Total |   2755 |   2727 |     28 |     26 |   2294 |   3 |  918.3 |
       Dungeon |   2755 |   2727 |     28 |     26 |   2294 |   3 |  918.3 |
               +--------+--------+--------+--------+--------+-----+--------+

Top non-repeatable levels by time:
     D:1: 1520 daAuts
     D:2: 739 daAuts
     D:3: 495 daAuts
